 Dungeon Crawl Stone Soup version 0.17.0-7-gfadd4cc (console) character file.

2 gw the Gusty (level 1, -1/14 HPs)
             Began as a Minotaur Air Elementalist on Nov 8, 2015.
             Slain by a hobgoblin
             ... wielding a +0 club
              (3 damage)
             ... on level 1 of the Dungeon.
             The game lasted 00:00:11 (106 turns).

gw the Gusty (Minotaur Air Elementalist)             Turns: 106, Time: 00:00:12

Health: -1/14      AC:  2    Str: 12    XL:     1   Next: 33%
Magic:  0/1        EV: 12    Int: 12    God:
Gold:   16         SH:  0    Dex: 10    Spells: 1 memorised, 1 level left

rFire  . . .     SeeInvis .     b - +0 club
rCold  . . .     Clarity  .     a - +0 robe
rNeg   . . .     SustAt   .     (no shield)
rPois  .         Gourm    .     (helmet restricted)
rElec  .         Spirit   .     (no cloak)
rCorr  .         Warding  .     (no gloves)
rMut   .         Stasis   .     (no boots)
MR     .....                    (no amulet)
Stlth  +.........               (no ring)
                                (no ring)

@: not resistant to hostile enchantments, very unstealthy
A: retaliatory headbutt, horns 2
a: no special abilities


You were on level 1 of the Dungeon.
You were not hungry.

You visited 1 branch of the dungeon, and saw 1 of its levels.

You collected 16 gold pieces.

Inventory:

Hand Weapons
 b - a +0 club (weapon)
Armour
 a - a +0 robe (worn)
Books
 d - a book of Air

   Spells                             Type                      Level
   a - Shock                          Conjuration/Air              1
   b - Swiftness                      Charms/Air                   2
   c - Repel Missiles                 Charms/Air                   2
   d - Static Discharge               Conjuration/Air              3
   e - Lightning Bolt                 Conjuration/Air              5
Comestibles
 c - a bread ration


   Skills:
 + Level 0.2 Fighting
 + Level 0.2 Maces & Flails
 + Level 0.2 Armour
 - Level 2.1 Dodging
 - Level 1.5 Stealth
 * Level 1.3 Spellcasting
 - Level 0.6 Conjurations
 + Level 2.2 Air Magic


You had one spell level left.
You knew the following spells:

 Your Spells              Type           Power        Failure   Level  Hunger
a - Shock                 Conj/Air       #...         17%         1    ##.....


Dungeon Overview and Level Annotations

Branches:
Dungeon (1/15)

Altars:


Innate Abilities, Weirdness & Mutations

You reflexively headbutt those who attack you in melee.
You have a pair of horns on your head.


Message History

Unknown command.
Casting: Shock
Confirm with . or Enter, or press ? or * to list all spells.
Aiming: Shock
Press: ? - help, Shift-Dir - straight line, f/p - hobgoblin
Aim: a hobgoblin (almost dead)
The zap hits the hobgoblin.
You kill the hobgoblin!
The zap hits the bat.
You kill the bat!
Unknown command.
Unknown command.
Unknown command.
Unknown command.
Unknown command.
Unknown command.
Unknown command.
ATTACKING (1,0)
You hit the hobgoblin but do no damage. The hobgoblin hits you with a club.
You die...

.. . ..... #. .....
#.. ####..... #...
###........ .....
..........
......###.......
(......Hg...#
.#....###...#####
#... #....)..# ....
##...#...######## #..
....................
=.
....?...............
.
.....................
.#...................
...#######...........


You could see a hobgoblin.

Table legend:
 A = Turns spent in this place as a percentage of turns spent in the entire game.
 B = Non-inter-level travel turns spent in this place as a percentage of non-inter-level travel turns spent in the entire game.
 C = Inter-level travel turns spent in this place as a percentage of turns spent in this place.
 D = Turns resting spent in this place as a percentage of non-inter-level travel turns spent in this place.
 E = Turns spent auto-exploring this place as a percentage of non-inter-level travel turns spent in this place.
 F = Non-inter-level travel turns spent in this place divided by the number of levels of this place that you've seen.
                   A       B       C       D       E      F
               +-------+-------+-------+-------+-------+----------------------
         Total | 100.0 | 100.0 |   0.0 |   1.4 |   2.1 | 283.0
       Dungeon | 100.0 | 100.0 |   0.0 |   1.4 |   2.1 | 283.0
               +-------+-------+-------+-------+-------+----------------------

Table legend:
 A = Kills in this place as a percentage of kills in entire the game.
 B = Kills by you in this place as a percentage of kills by you in the entire game.
 C = Kills by friends in this place as a percentage of kills by friends in the entire game.
 D = Other kills in this place as a percentage of other kills in the entire game.
 E = Experience gained in this place as a percentage of experience gained in the entire game.
 F = Experience gained in this place divided by the number of levels of this place that you have seen.
                   A       B       C       D       E      F
               +-------+-------+-------+-------+-------+----------------------
         Total | 100.0 | 100.0 |  -nan |  -nan | 100.0 |   4.0
       Dungeon | 100.0 | 100.0 |  -nan |  -nan | 100.0 |   4.0
               +-------+-------+-------+-------+-------+----------------------

Vanquished Creatures
  A hobgoblin (D:1)
  2 bats (D:1)
3 creatures vanquished.

Notes
Turn   | Place    | Note
--------------------------------------------------------------
     0 | D:1      | gw the Minotaur Air Elementalist began the quest for the Orb.
     0 | D:1      | Reached XP level 1. HP: 14/14 MP: 1/1
   106 | D:1      | Slain by a hobgoblin

Action                   || total
-------------------------++-------
Melee: Club              ||    13
 Cast: Shock             ||     3

Vault maps used:
D:1:      minmay_arrival_split_and_join
